 Dungeon Crawl Stone Soup version 0.21-a0-125-gb006224 (webtiles) character file.

320 namelastname112 the Skirmisher (level 6, -1/56 HPs)
             Began as a Draconian Wanderer on July 15, 2017.
             Killed by divine providence
             ... invoked by an orc priest
              (17 damage)
             ... on level 3 of the Dungeon.
             The game lasted 00:03:22 (2331 turns).

namelastname112 the Skirmisher (Draconian Wanderer) Turns: 2331, Time: 00:03:23

Health: -1/56      AC:  8    Str: 15    XL:     6   Next: 22%
Magic:  6/6        EV: 11    Int: 18    God:
Gold:   165        SH:  0    Dex: 11    Spells: 5/5 levels left

rFire    . . .     SeeInvis .   b - +0 mace
rCold    . . .     Gourm    .   (no shield)
rNeg     . . .     Faith    .   (armour unavailable)
rPois    .         Spirit   .   (helmet restricted)
rElec    .         Reflect  .   g - +0 cloak
rCorr    .         Harm     .   (no gloves)
MR       .....                  h - +0 pair of boots
Stlth    +.........             (no amulet)
HPRegen  0.18/turn              o - +5 ring of intelligence
MPRegen  0.10/turn              (no ring)

@: no status effects
A: unfitting armour, cold-blooded, AC +6
a: no special abilities


You were on level 3 of the Dungeon.
You were not hungry.

You visited 1 branch of the dungeon, and saw 4 of its levels.

You collected 165 gold pieces.

Inventory:

Hand Weapons
 a - a +2 hand crossbow
 b - a +0 mace (weapon)
Missiles
 c - 33 bolts
Armour
 g - a +0 cloak (worn)
 h - a +0 pair of boots (worn)
Jewellery
 o - a +5 ring of intelligence (left hand)
Scrolls
 d - 2 scrolls of identify {unknown}
 k - a scroll of recharging {unknown}
 p - a scroll of remove curse {unknown}
 q - a scroll of fear {unknown}
Potions
 e - 3 potions of might {unknown}
 i - a potion of heal wounds {unknown}
 j - 2 potions of berserk rage {unknown}
 l - 3 potions of curing {unknown}
Comestibles
 f - 3 bread rations
 m - 2 royal jellies
 n - 3 meat rations


   Skills:
 + Level 5.5 Fighting
 + Level 4.1 Maces & Flails
 * Level 4.2 Crossbows
 - Level 1.7 Throwing


You had 5 spell levels left.
You didn't know any spells.

Dungeon Overview and Level Annotations

Branches:
Dungeon (4/15)
 Temple: D:4-7

Altars:
Ashenzari
Qazlal
Uskayaw


Innate Abilities, Weirdness & Mutations

Your plain brown scales are hard. (AC +6)
You cannot fit into any form of body armour.
You are cold-blooded and may be slowed by cold attacks.


Message History

You hit the orc priest.
The orc priest is lightly wounded.
The orc priest misses you.
The orc priest hits you with a short sword.
You take 4 damage, and have 21/56 hp.
You hit the orc priest.
The orc priest is heavily wounded.
The orc priest mumbles some strange prayers to Beogh against you.
Pain shoots through your body!
You take 2 damage, and have 19/56 hp.
You hit the orc priest.
The orc priest is heavily wounded.
The orc priest hits you with a short sword.
* * * LOW HITPOINT WARNING * * *
You take 3 damage, and have 16/56 hp.
You hit the orc priest.
The orc priest is severely wounded.
The orc priest calls down the wrath of Beogh upon you.
Beogh smites you!
You die...

# #............#
#<#
###.############
#.# ....# #.#
##..# #.# #####
##.## ...#
##...## ##.#
#######.###.#
##.### #......o#
#.# .....#
#.#####@###.#
.#.#.# #.#
##)..## .....#
#.# ##### .#.#.#
#.# .....# #.#
####.#####.#
#.......#
#########


You could see an orc priest.

Vanquished Creatures
  Sigmund (D:2)
  Terence (D:2)
  4 gnolls
  3 adders (D:2)
  2 oozes
  2 worms (D:2)
  2 leopard geckos (D:2)
  An orc (D:4)
  3 bats
  2 giant cockroaches
  8 goblins
  6 hobgoblins
  7 kobolds
  2 quokkas
  2 frilled lizards (D:2)
  8 rats
54 creatures vanquished.

Notes
Turn   | Place    | Note
-------+----------+-------------------------------------------
     0 | D:1      | namelastname112 the Draconian Wanderer began the quest for the Orb.
     0 | D:1      | namelastname112 set off with: a +2 hand crossbow, 24 bolts, a +0 mace, a potion of lignification, a bread ration
     0 | D:1      | Reached XP level 1. HP: 22/22 MP: 1/1
    37 | D:1      | Reached XP level 2. HP: 23/28 MP: 2/2
    60 | D:1      | Found a shattered altar of Ashenzari.
   275 | D:1      | Reached XP level 3. HP: 32/34 MP: 3/3
   416 | D:2      | Found a stormy altar of Qazlal.
   860 | D:2      | Noticed Sigmund
   896 | D:2      | Killed Sigmund
   896 | D:2      | Reached skill level 5 in Fighting
   896 | D:2      | Reached XP level 4. HP: 26/42 MP: 4/4
   896 | D:2      | Reached XP level 5. HP: 30/48 MP: 5/5
  1251 | D:2      | Noticed Terence
  1255 | D:2      | Killed Terence
  1255 | D:2      | Reached XP level 6. HP: 52/56 MP: 6/6
  1502 | D:3      | Found a faded altar of an unknown god.
  1757 | D:3      | Found a hide-covered altar of Uskayaw.
  2331 | D:3      | Killed from afar by an orc priest

Vault maps used:
D:1:      lightli_arrival_noodles, evilmike_ruin_ashenzari
D:2:      nicolae_qazlal_general_emergency, uniq_terence, uniq_sigmund
D:3:      nicolae_overflow_crystal_walls, first_bread,
          chequers_ecumenical_altar_lobes
D:4:      minmay_misc_feat_plants

Skill      XL: |  1  2  3  4  5 |
---------------+----------------+-----
Crossbows      | 2 3 4 |  4.2
Fighting       | 5 |  5.5
Maces & Flails | 4 |  4.1
Throwing       | |  1.7

Action                   |  1- 3 |  4- 6 || total
-------------------------+-------+-------++-------
Melee: Mace              |   113 |    87 ||   200
       Tailslap          |     9 |     5 ||    14
       Unarmed           |    11 |       ||    11
 Fire: Hand crossbow     |       |    13 ||    13
  Use: Potion            |     1 |       ||     1
 Stab: Sleeping          |     1 |       ||     1
  Eat: Chunk             |       |     3 ||     3
       Royal jelly       |       |     1 ||     1
Armor: Skin              |    62 |    30 ||    92
Dodge: Dodged            |   110 |    66 ||   176
